 Dungeon Crawl Stone Soup version 0.31-a0-986-g5e6e4ef867 (webtiles) character file.

Game seed: 9368347999150801563

292811 serber55 the Gelid (level 20, -1/161 HPs)
             Began as an Octopode Ice Elementalist on Nov 18, 2023.
             Was a Priest of the Shining One.
             Slain by a frost giant
             ... wielding a +1 battleaxe of freezing
              (4 damage)
             ... on level 1 of the Depths.
             The game lasted 03:51:23 (64035 turns).

serber55 the Gelid (Octopode Ice Elementalist)     Turns: 64035, Time: 03:51:24

Health: -1/161     AC: 20    Str: 25    XL:     20   Next: 81%
Magic:  43/47      EV: 23    Int: 34    God:    the Shining One [***...]
Gold:   3054       SH:  9    Dex: 18    Spells: 1/48 levels left

rFire   + + +        R - +8 trishula "Condemnation" {holy, anguish, *Noise Fly rN+}
rCold   + . .        X - +3 buckler {rPois}
rNeg    + + +        r - +2 hat
rPois   +            j - amulet "Moyt" {Faith rF+ rN+ Will- Slay+4}
rElec   +            f - ring "Lyunt" {Drain rN+ Int+4 Slay+4}
rCorr   +            M - +6 ring of intelligence
SInv    .            l - ring "Leuqusiv" {Contam rF+ rC+ rCorr Str+6}
Will    +++..        J - +6 ring of strength
Stlth   ++           W - ring of Makhleb's Benevolence {rElec MP+9 Dex+5 Slay+2}
HPRegen 0.46/turn    T - ring of Tinly {Fire Will+++ rCorr Str+3 Int-2}
MPRegen 0.30/turn    m - ring "Zyecsat" {AC+4 Int+3}
                     Z - ring of protection from cold

%: faith
@: ice-armoured, flying, glowing
A: almost no armour, amphibious, 8 rings, camouflage 1, gelatinous body 1,
(nimble swimmer 1), tentacles, sense surroundings 1, robust 1, wild magic 1
}: 2/15 runes: decaying, gossamer
a: Renounce Religion, Divine Shield, Cleansing Flame


You were on level 1 of the Depths.
You worshipped the Shining One.
The Shining One was most pleased with you.
You visited 7 branches of the dungeon, and saw 34 of its levels.
You visited 1 bazaar.
You also visited: Ossuary, Gauntlet and Ice Cave.

You collected 5287 gold pieces.
You spent 2233 gold pieces at shops.

Inventory:

Hand Weapons
 b - the +9 scimitar "Taesk" {venom, *Corrode rF+++ Str+5}
   (You found it on level 1 of the Swamp)

   Str+5:     It affects your strength (+5).
   rF+++:     It renders you almost immune to fire.
   *Corrode:  It may corrode you when you take damage.
 R - the +8 trishula "Condemnation" (weapon) {holy, anguish, *Noise Fly rN+}
   (You found it in a Gauntlet)

   rN+:       It protects you from negative energy.
   Fly:       It grants you flight.
   *Noise:    It may make a loud noise when swung.
Missiles
 u - 61 poisoned darts (quivered)
Armour
 r - a +2 hat (worn)
 X - a +3 buckler of poison resistance (worn)
Jewellery
 f - the ring "Lyunt" (left tentacle) {Drain rN+ Int+4 Slay+4}
   (You acquired it on level 5 of the Dungeon)

   [ring of positive energy]

   Int+4:     It affects your intelligence (+4).
   Slay+4:    It affects your accuracy & damage with ranged weapons and melee
   (+4).
   rN+:       It protects you from negative energy.
   Drain:     It drains your maximum health when unequipped.
 j - the amulet "Moyt" (around mantle) {Faith rF+ rN+ Will- Slay+4}
   (You acquired it on level 3 of the Spider Nest)

   [amulet of faith]

   Faith:     It allows you to gain divine favour quickly.
   Slay+4:    It affects your accuracy & damage with ranged weapons and melee
   (+4).
   rF+:       It protects you from fire.
   rN+:       It protects you from negative energy.
   Will-:     It decreases your willpower.
 l - the ring "Leuqusiv" (on tentacle) {Contam rF+ rC+ rCorr Str+6}
   (You acquired it on level 4 of the Spider Nest)

   [ring of resist corrosion]

   Str+6:     It affects your strength (+6).
   rF+:       It protects you from fire.
   rC+:       It protects you from cold.
   Contam:    It causes magical contamination when unequipped.
   rCorr:     It protects you from acid and corrosion.
 m - the ring "Zyecsat" (on tentacle) {AC+4 Int+3}
   (You took it off a spriggan druid on level 1 of the Swamp)

   [ring of protection]

   AC+4:      It affects your AC (+4).
   Int+3:     It affects your intelligence (+3).
 n - the amulet "Virotot" {Reflect *Corrode rElec Int+3 SH+5 SInv}
   (You took it off a deep elf pyromancer on level 3 of the Elven Halls)

   [amulet of reflection]

   Reflect:   It reflects blocked missile attacks.
   Int+3:     It affects your intelligence (+3).
   rElec:     It insulates you from electricity.
   SInv:      It lets you see invisible.
   *Corrode:  It may corrode you when you take damage.
   SH+5:      It affects your SH (+5).
 J - a +6 ring of strength (on tentacle)
 M - a +6 ring of intelligence (right tentacle)
 T - the ring of Tinly (on tentacle) {Fire Will+++ rCorr Str+3 Int-2}
   (You found it on level 11 of the Dungeon)

   [ring of fire]

   Fire:      It enhances your fire magic.
   Str+3:     It affects your strength (+3).
   Int-2:     It affects your intelligence (-2).
   rF+:       It protects you from fire.
   rC-:       It makes you vulnerable to cold.
   Will+++:   It greatly increases your willpower.
   rCorr:     It protects you from acid and corrosion.
 W - the ring of Makhleb's Benevolence (on tentacle) {rElec MP+9 Dex+5 Slay+2}
   (You took it off a deep elf annihilator on level 3 of the Elven Halls)

   [ring of magical power]

   Dex+5:     It affects your dexterity (+5).
   Slay+2:    It affects your accuracy & damage with ranged weapons and melee
   (+2).
   rElec:     It insulates you from electricity.
   MP+9:      It affects your magic capacity (+9).
 Z - a ring of protection from cold (on tentacle)
Wands
 k - a wand of flame (65)
 v - a wand of paralysis (26)
 A - a wand of acid (26)
 D - a wand of digging (4)
 I - a wand of mindburst (32)
 L - a wand of iceblast (50)
 S - a wand of polymorph (13)
Scrolls
 e - a scroll of enchant armour
 q - a scroll of blinking
 s - a scroll of silence
 w - 5 scrolls of fear
 y - 2 scrolls of fog
 z - 10 scrolls of poison
 B - 8 scrolls of teleportation
 F - 4 scrolls of revelation
 V - 2 scrolls of immolation
Potions
 a - 6 potions of magic
 c - 5 potions of berserk rage
 d - 16 potions of curing
 h - 9 potions of might
 i - 5 potions of haste
 o - 6 potions of ambrosia
 p - 5 potions of heal wounds
 t - 6 potions of brilliance
 x - 4 potions of enlightenment
 G - 2 potions of resistance
 H - 7 potions of lignification
 K - a potion of cancellation
Miscellaneous
 g - a phial of floods
 P - a phantom mirror


   Skills:
 + Level 16.1 Fighting
 - Level 10.5 Polearms
 + Level 15.2 Dodging
 - Level 2.6 Stealth
 - Level 5.0 Shields
 + Level 14.7 Spellcasting
 + Level 11.0 Conjurations
 * Level 20.9 Ice Magic
 - Level 3.0 Air Magic
 - Level 2.4 Invocations


You had one spell level left.
You knew the following spells:

 Your Spells              Type           Power      Damage    Failure   Level
a - Polar Vortex          Ice            60%        12d8*     45%         9
b - Frozen Ramparts       Ice            100%       1d16      1%          3
c - Ozocubu's Armour      Ice            100%       N/A       1%          3
d - Summon Ice Beast      Ice/Summ       90%        N/A       1%          4
e - Blink                 Tloc           64%        N/A       5%          2
f - Orb of Destruction    Conj           46%        9d12      24%         7
g - Searing Ray           Conj           100%       2d8       1%          2
h - Hailstorm             Conj/Ice       100%       3d20      1%          3
i - Freezing Cloud        Conj/Ice/Air   47%        6-21      1%          5
j - Ozocubu's Refrigerat  Ice            60%        4d20      1%          7
k - Passwall              Tmut/Erth      26%        N/A       5%          2

Your spell library contained the following spells:

 Spells                   Type           Power      Damage    Failure   Level
 Foxfire                  Conj/Fire      100%       2x1d9     1%          1
 Freeze                   Ice            100%       1d10      1%          1
 Magic Dart               Conj           100%       1d8       1%          1
 Shock                    Conj/Air       100%       1d9       1%          1
 Apportation              Tloc           64%        N/A       3%          1
 Sandblast                Erth           64%        2d14      3%          1
 Summon Small Mammal      Summ           100%       N/A       3%          1
 Momentum Strike          Conj/Tloc      100%       3d10      1%          2
 Static Discharge         Conj/Air       100%       3-8/arc   1%          2
 Dazzling Flash           Conj/Hex       100%       N/A       1%          3
 Mephitic Cloud           Conj/Pois/Air  65%        N/A       1%          3
 Stone Arrow              Conj/Erth      100%       3d13      1%          3
 Iskenderun's Battlesphe  Conj           92%        2d14      1%          5
 Metabolic Englaciation   Hex/Ice        45%        N/A       1%          5
 Cigotuvi's Dreadful Rot  Necr/Pois/Air  82%        N/A       3%          2
 Poisonous Vapours        Pois/Air       90%        N/A       3%          2
 Brom's Barrelling Bould  Conj/Erth      69%        2d8       3%          4
 Sticky Flame             Conj/Fire      89%        2d10      3%          4
 Call Imp                 Summ           64%        N/A       5%          2
 Jinxbite                 Hex            64%        N/A       5%          2
 Lesser Beckoning         Tloc           64%        N/A       5%          2
 Sublimation of Blood     Necr           32%        N/A       5%          2
 Simulacrum               Ice/Necr       45%        N/A       7%          6
 Airstrike                Air            28%        2d(4-20)  9%          4
 Fireball                 Conj/Fire      44%        3d18      9%          5
 Irradiate                Conj/Tmut      34%        3d23      9%          5
 Call Canine Familiar     Summ           32%        N/A       10%         3
 Gell's Gravitas          Tloc           32%        N/A       10%         3
 Ignite Poison            Fire/Tmut/Pois 48%        N/A       10%         3
 Sigil of Binding         Hex            32%        N/A       10%         3
 Summon Guardian Golem    Hex/Summ       32%        N/A       10%         3
 Teleport Other           Tloc           32%        N/A       10%         3
 Volatile Blastmotes      Fire/Tloc      96%        2d18      10%         3
 Summon Lightning Spire   Summ/Air       45%        N/A       16%         4
 Anguish                  Hex/Necr       16%        N/A       26%         4
 Cause Fear               Hex            16%        N/A       26%         4
 Dimensional Bullseye     Hex/Tloc       16%        N/A       26%         4
 Leda's Liquefaction      Hex/Erth       16%        N/A       26%         4
 Manifold Assault         Tloc           32%        N/A       26%         4
 Olgreb's Toxic Radiance  Pois           32%        N/A       26%         4
 Passage of Golubria      Tloc           32%        N/A       26%         4
 Petrify                  Tmut/Erth      32%        N/A       26%         4
 Silence                  Hex/Air        22%        N/A       36%         5
 Bombard                  Conj/Erth      34%        9d6       38%         6
 Starburst                Conj/Fire      44%        6d12      38%         6
 Agony                    Necr           32%        N/A       56%         5
 Alistair's Intoxication  Tmut/Pois      21%        N/A       56%         5
 Borgnjor's Vile Clutch   Necr/Erth      16%        N/A       56%         5
 Lee's Rapid Deconstruct  Erth           16%        3d10*     56%         5
 Summon Forest            Summ/Tloc      16%        N/A       56%         5
 Summon Mana Viper        Hex/Summ       32%        N/A       56%         5
 Spellforged Servitor     Conj/Summ      34%        N/A       90%         7
 Dispersal                Tloc           16%        N/A       98%         6
 Eringya's Noxious Bog    Tmut/Pois      16%        4d6       98%         6
 Enfeeble                 Hex            16%        N/A       100%        7
 Monstrous Menagerie      Summ           16%        N/A       100%        7
 Summon Hydra             Summ           16%        N/A       100%        7
 Discord                  Hex            16%        N/A       100%        8
 Disjunction              Tloc           16%        N/A       100%        8
 Ignition                 Fire           24%        3d8       100%        8
 Lehudib's Crystal Spear  Conj/Erth      34%        10d9      100%        8
 Maxwell's Capacitive Co  Air            28%        ∞         100%        8
 Animate Armour           Summ/Erth      Unusable   N/A       N/A         4

Dungeon Overview and Level Annotations

Branches:
Dungeon (15/15)            Temple (0/1) D:6            Lair (5/5) D:10
  Swamp (4/4) Lair:2       Spider (4/4) Lair:2        Slime (0/5) Lair:4
    Orc (2/2) D:10            Elf (3/3) Orc:2        Vaults (0/5) D:14
 Depths (1/4) D:15        Ossuary (visited)           IceCv (visited)
Gauntlet (visited)

Altars:
Ashenzari
Cheibriados
Dithmenos
Fedhas
Hepliaklqana
Kikubaaqudgha
Makhleb
Okawaru
Qazlal
Ru
Uskayaw
Vehumet
Yredelemnul
Zin
The Shining One
Lugonu

Shops:
D:4 (   Orc:2 *?[*:   Elf:2 :   Elf:3 [   Depths:1 ?

Portals:
Abyss: Lair:5 Depths:1
Pandemonium: Orc:2

Annotations:
D:5 3 runed translucent doors, Doj's ghost, amateur TrSh
D:12 3 runed translucent doors, mandarbmax's ghost, journeyman VSFi
Swamp:4 1 runed translucent door, Sirjeffry24's ghost, adept AtFi


Innate Abilities, Weirdness & Mutations

You cannot wear most types of armour.
You are amphibious.
You can wear up to eight rings at the same time.
Your skin changes colour to match your surroundings (Stealth+).
Your rubbery body absorbs attacks. (AC +1, EV +1)
((You are camouflaged when in or above water. (Stealth+)))
You have tentacles for arms and can constrict up to eight enemies at once.
You passively map a small area around you.
You are robust. (+10% HP)
Your spells are a little harder to cast, but a little more powerful.


Message History

A master elementalist comes into view.
It is wielding the +3 Elemental Staff {ele, rElec rF+ rC+ AC+3} and wearing a +2 robe of willpower.
You impale the ice dragon!!
You kill the ice dragon!
Unknown command.
Your icy armour cracks and falls away as you move.
The frost giant is no longer haunted by guilt.
The frost giant points at you and mumbles some strange words.
The bolt of cold hits you! You resist.
* * * LOW HITPOINT WARNING * * *
You feel much better.
The ice dragon roars deafeningly!
An iron troll comes into view.
The frost giant casts a spell at you. The bolt of cold hits you!! You resist.
* * * LOW HITPOINT WARNING * * *
As you read the scroll of fog, it dissolves into smoke.
An iron giant comes into view. It is wielding a +0 giant club.
The iron giant shouts!
A stone giant comes into view.
Casting: Ozocubu's Armour (safe; 1% risk of failure)
Confirm with . or Enter, or press ? or * to list all spells.
A film of ice covers your body!
The iron dragon roars deafeningly!
You are too injured to fight recklessly!
Unknown command.
Reach: R) +8 trishula "Condemnation" {holy, anguish, *Noise Fly rN+}
Press: ? - help, Dir - move target, f - frost giant
Aim: a frost giant, wielding a +1 battleaxe of freezing (blue smoke, lightly wounded, haloed, about 3% to evade the +8 trishula "Condemnation")
You reach to attack!
You impale the frost giant!!
The frost giant is haunted by guilt!
The frost giant is moderately wounded.
Reach: R) +8 trishula "Condemnation" {holy, anguish, *Noise Fly rN+}
Press: ? - help, Dir - move target, f/p - frost giant
Aim: a frost giant, wielding a +1 battleaxe of freezing (blue smoke, moderately wounded, anguished, haloed, about 3% to evade the +8 trishula "Condemnation")
You impale the frost giant!! You squeeze the frost giant!
The frost giant is severely wounded.
The frost giant hits you with a +1 battleaxe of freezing!!
* * * LOW HITPOINT WARNING * * *
The frost giant freezes you.
You die...

........#.## ...##, #. ,
.........#.##,.C..###.D. , ,
........##..##)...###CC.
........#....'# ,*#≈##DC
.............§## #≈≈≈### *
.............§§##≈≈§≈≈#
....P♣.......§§§##≈≈≈# ...
P..~~.~♣.....§§§C##≈#* ...,,
P.~~♣~~♣.♣...§§§@###*###.##,
.♣~~~~~~.....§§...###.#...
P~~~~♣....♣...............
.~~♣~♣................##.###
..~~P......#.........###...##
P..P.......#).#....^####)...#
.............##..##........##
.................###.....###
................###...####


You could see an iron giant, an iron dragon, 2 frost giants, an ice dragon and a
stone giant.

Vanquished Creatures
  Mara (Swamp:3)
  A shard shrike (IceCv)
  2 deep elf master archers (Elf:3)
  A titan (Depths:1)
  A deep elf blademaster (Elf:3)
  A thorn hunter (Swamp:1)
  The ghost of knightboat the Maledictor, an adept KoEn of Ashenzari (Swamp:1)
  A storm dragon (Depths:1)
  Kirke (D:12)
  2 fenstrider witches
  9 deep elf sorcerers
  3 deep elf elementalists (Elf:3)
  5 emperor scorpions
  An orc warlord (Elf:1)
  A stone giant (Depths:1)
  5 eleionomae
  A minotaur (Gauntlet)
  4 deep elf demonologists
  A bunyip (Swamp:2)
  4 deep elf annihilators
  A white draconian (IceCv)
  A spark wasp (Spider:3)
  4 deep elf death magi (Elf:3)
  A spark wasp (shapeshifter) (Lair:5)
  An ettin (Depths:1)
  4 entropy weavers
  5 shambling mangroves
  2 deep elf high priests
  Fannar (D:11)
  The ghost of Tollund the Basher, a journeyman AtFi of Zin (D:11)
  Josephine (D:13)
  2 jorogumos
  A rakshasa (Depths:1)
  A fire dragon (D:15)
  A sphinx zombie (D:15)
  2 ogre magi
  4 ironbound frosthearts (IceCv)
  21 hydras
  3 boulder beetles
  3 ice dragons
  2 demonspawn (Orc:2)
  9 two-headed ogres
  7 alligators
  2 ghost crabs
  2 tengu warriors
  29 dancing weapons
  3 radroaches
  3 centaur warriors
  2 sphinx skeletons
  Urug (D:11)
  10 demonic crawlers
  A vampire mage (D:15)
  4 thrashing horrors (Lair:5)
  8 orc high priests
  Sonja (D:11)
  A soul eater (Orc:2)
  16 deep elf knights
  8 skeletal warriors
  A storm dragon zombie (Depths:1)
  2 sun demons (Orc:2)
  5 pharaoh ants
  9 goliath frogs
  A storm dragon skeleton (Depths:1)
  10 orb spiders
  8 swamp dragons
  3 spriggan druids
  8 bog bodies
  An orange crystal statue (IceCv)
  A golden dragon skeleton (Depths:1)
  14 deep elf archers
  35 deep elf pyromancers
  3 necromancers
  25 deep elf zephyrmancers
  12 steelbarb worms
  A lindwurm (Lair:5)
  A wolf spider (shapeshifter) (Elf:2)
  8 orc sorcerers (Orc:2)
  16 orc knights
  19 ugly things
  6 will-o-the-wisps
  2 manticores
  15 wolf spiders
  3 cyclopes
  2 moths of wrath
  A black mamba (Lair:5)
  5 elephants
  Maurice (D:11)
  An eye of devastation (Gauntlet)
  A black mamba (shapeshifter) (Lair:5)
  4 torpor snails
  Joseph (D:10)
  7 cane toads
  2 smoke demons
  4 gargoyles
  An orange demon (Orc:2)
  4 centaur skeletons (D:14)
  Maggie (Lair:2)
  A rime drake (shapeshifter) (Lair:5)
  16 rime drakes
  2 efreet
  2 freezing wraiths
  2 tengu conjurers
  12 komodo dragons
  An ice devil (Orc:2)
  8 meliai
  6 trolls
  3 bloated husks
  9 tyrant leeches
  19 polar bears
  20 tarantellas
  19 hornets
  20 blink frogs
  7 dream sheep
  A raiju (Lair:5)
  An air elemental (Elf:1)
  A slime creature (D:13)
  A shadow (D:10)
  19 spriggans
  3 wraiths (D:13)
  4 ynoxinuls
  2 fire elementals (Elf:2)
  45 yaks
  29 jumping spiders
  23 culicivoras
  7 water elementals
  2 wyverns
  A golden eye (Gauntlet)
  2 steam dragons
  11 basilisks
  12 vampire mosquitoes
  45 redbacks
  A chaos spawn (Lair:5)
  11 swamp worms
  2 wargs (Orc:2)
  2 acid dragons
  12 water moccasins
  7 small abominations (Lair:5)
  8 swamp drakes
  An ice beast (D:7)
  3 black bears
  33 orc warriors
  A black bear (shapeshifter) (Lair:5)
  8 ogres
  10 centaurs
  18 wolves
  2 phantoms
  Blork the orc (D:5)
  A lemure (D:3)
  A kobold brigand (D:7)
  2 gnoll sergeants
  12 scorpions
  11 bullfrogs
  An earth elemental (Elf:2)
  A cyclops skeleton (Orc:1)
  4 wights (D:9)
  10 killer bees
  5 howler monkeys
  6 electric eels
  2 vampire bats (D:5)
  2 crimson imps (Gauntlet)
  2 centaur zombies (Ossuary)
  2 human zombies (Ossuary)
  4 hounds
  34 orc priests
  A gnoll bouda (Lair:1)
  3 jellies
  A sleepcap (D:5)
  4 scorpion zombies (Ossuary)
  Ijyb (D:3)
  20 orc wizards
  An iguana (D:4)
  2 nameless horrors
  3 mummies (Ossuary)
  31 gnolls
  13 adders
  An orc skeleton (Orc:1)
  A shadow imp (D:5)
  2 ufetubi (D:6)
  An orc simulacrum (Orc:1)
  2 worms
  A dart slug (D:1)
  65 orcs
  10 ball pythons
  5 bat skeletons (D:5)
  2 bat zombies (D:5)
  10 endoplasms
  A giant cockroach (D:2)
  2 gnoll zombies (Ossuary)
  5 goblins
  A hobgoblin (D:4)
  4 jackals (D:1)
  12 kobolds
  4 quokkas
  A bat (D:2)
  3 frilled lizards
  2 goblin zombies (Ossuary)
  2 hobgoblin zombies (Ossuary)
  4 kobold zombies (Ossuary)
  4 orc zombies (Ossuary)
  4 rats
1264 creatures vanquished.

Vanquished Creatures (collateral kills)
  The ghost of Doj the Mimic, a journeyman TrSh of Gozag (Lair:2)
  A skyshark (Lair:4)
  Jeremiah (D:8)
  A yak (D:8)
  A water moccasin (Lair:4)
  2 gnoll boudas (D:7)
  An orc wizard (Orc:1)
  2 gnolls (D:7)
  6 orcs
16 creatures vanquished.

Vanquished Creatures (others)
  A fire giant (Depths:1)
  A deep elf elementalist (Elf:3)
  A frost giant (Depths:1)
  A radroach (Spider:3)
  A demonic crawler (Spider:2)
  An orc knight (Elf:1)
  2 wolf spiders
  3 rime drakes (IceCv)
  A tyrant leech (Swamp:1)
  A human (D:12)
  3 orc priests (D:12)
  2 foxfires (Swamp:1)
18 creatures vanquished.

Grand Total: 1298 creatures vanquished

Notes
Turn   | Place    | Note
-------+----------+-------------------------------------------
     0 | D:1      | serber55 the Octopode Ice Elementalist began the quest for
                  | the Orb.
     0 | D:1      | Reached XP level 1. HP: 11/11 MP: 3/3
   191 | D:1      | Reached XP level 2. HP: 14/18 MP: 0/5
   592 | D:1      | Reached XP level 3. HP: 12/22 MP: 3/6
   593 | D:1      | Reached skill level 1 in Fighting
   777 | D:2      | Learned a level 3 spell: Frozen Ramparts
   973 | D:2      | Reached XP level 4. HP: 26/28 MP: 3/7
  1031 | D:2      | Learned a level 3 spell: Ozocubu's Armour
  1250 | D:2      | Found a basalt altar of Yredelemnul.
  1648 | D:3      | Reached skill level 5 in Ice Magic
  1648 | D:3      | Reached XP level 5. HP: 29/34 MP: 1/8
  1788 | D:3      | Noticed Ijyb
  1793 | D:3      | Killed Ijyb
  1834 | D:3      | Noticed Grinder
  1836 | D:3      | Grinder changed into Grinder the lemure
  1836 | D:3      | Noticed Grinder
  1840 | D:3      | Killed Grinder the lemure
  1994 | D:3      | Reached XP level 6. HP: 30/39 MP: 10/10
  2158 | D:4      | Gained mutation: You are robust. (+10% HP) [potion of
                  | mutation]
  2158 | D:4      | Gained mutation: Your spells are a little harder to cast,
                  | but a little more powerful. [potion of mutation]
  2158 | D:4      | Gained mutation: You passively map a small area around you.
                  | [potion of mutation]
  2637 | D:4      | Reached skill level 6 in Ice Magic
  2637 | D:4      | Reached XP level 7. HP: 44/49 MP: 6/12
  2684 | D:4      | Learned a level 4 spell: Summon Ice Beast
  3239 | D:4      | Found Jacotud's Weapon Shop.
  3452 | D:5      | Entered Level 5 of the Dungeon
  3452 | D:5      | Found a sand-covered staircase.
  3459 | Ossuary  | Entered an ossuary
  3716 | Ossuary  | Reached XP level 8. HP: 57/57 MP: 1/14
  3869 | Ossuary  | Reached skill level 7 in Ice Magic
  4543 | D:5      | Reached skill level 5 in Dodging
  4592 | D:5      | Found a runed translucent gate.
  4592 | D:5      | Found a runed translucent gate.
  4593 | D:5      | Found a runed translucent gate.
  4597 | D:5      | Noticed Doj's ghost (amateur TrSh)
  4611 | D:5      | Reached skill level 8 in Ice Magic
  4693 | D:5      | Found a blossoming altar of Fedhas.
  4699 | D:5      | Identified a scroll of acquirement
  4699 | D:5      | Acquired the ring "Lyunt" {Drain rN+ Int+4 Slay+4}
  4717 | D:5      | Found a large runed translucent door.
  4718 | D:5      | Found a large runed translucent door.
  4731 | D:5      | Reached XP level 9. HP: 61/64 MP: 9/16
  4773 | D:5      | Found a sacrificial altar of Ru.
  4778 | D:5      | Found a glowing silver altar of Zin.
  4816 | D:5      | Found a radiant altar of Vehumet.
  4816 | D:5      | Found a hazy altar of Hepliaklqana.
  4818 | D:5      | Found a broken altar of Ashenzari.
  4818 | D:5      | Found a burning altar of Makhleb.
  4820 | D:5      | Found a glowing golden altar of the Shining One.
  4820 | D:5      | Found a shadowy altar of Dithmenos.
  4824 | D:5      | Became a worshipper of Vehumet
  4833 | D:5      | Reached skill level 5 in Spellcasting
  5327 | D:5      | Noticed Blork the orc
  5333 | D:5      | Killed Blork the orc
  5432 | D:5      | Reached skill level 5 in Fighting
  5724 | D:5      | Found an ancient bone altar of Kikubaaqudgha.
  5959 | D:6      | Found a staircase to the Ecumenical Temple.
  5963 | D:6      | Learned a level 2 spell: Blink
  6062 | D:6      | Reached * piety under Vehumet
  6062 | D:6      | Offered knowledge of Foxfire by Vehumet.
  6345 | D:6      | Reached skill level 9 in Ice Magic
  7333 | D:7      | Offered knowledge of Momentum Strike by Vehumet.
  7337 | D:7      | Learned a level 2 spell: Momentum Strike
  7339 | D:7      | Reached ** piety under Vehumet
  7342 | D:7      | Reached XP level 10. HP: 74/74 MP: 11/18
  7766 | D:8      | Reached skill level 1 in Conjurations
  7767 | D:8      | Reached skill level 10 in Ice Magic
  7878 | D:8      | Paralysed by a hornet for 3 turns
  8024 | D:8      | Noticed a two-headed ogre
  8043 | D:8      | Killed a two-headed ogre
  8251 | D:8      | Noticed Jeremiah
  8267 | D:8      | Killed Jeremiah
  8609 | D:8      | Found a hide-covered altar of Uskayaw.
  8609 | D:8      | Found a stormy altar of Qazlal.
  8897 | D:9      | Noticed a two-headed ogre
  8909 | D:9      | Killed a two-headed ogre
  9044 | D:9      | Noticed a two-headed ogre
  9050 | D:9      | Killed a two-headed ogre
  9162 | D:9      | Reached skill level 11 in Ice Magic
  9162 | D:9      | Reached XP level 11. HP: 82/82 MP: 12/21
  9212 | D:9      | Identified the +6 long sword of Ashenzari's Envy
                  | {antimagic, Str+2}
  9835 | D:10     | Entered Level 10 of the Dungeon
  9835 | D:10     | Found a snail-covered altar of Cheibriados.
  9842 | D:10     | Offered knowledge of Searing Ray by Vehumet.
  9847 | D:10     | Learned a level 2 spell: Searing Ray
  9934 | D:10     | Noticed Joseph
  9951 | D:10     | Killed Joseph
 10410 | D:10     | Found a staircase to the Lair.
 10985 | D:10     | Found a staircase to the Orcish Mines.
 11225 | Orc:1    | Entered Level 1 of the Orcish Mines
 11229 | Orc:1    | Noticed an orc knight
 11232 | Orc:1    | Noticed an orc high priest
 11236 | Orc:1    | Reached *** piety under Vehumet
 11312 | Orc:1    | Noticed a necromancer
 11332 | Orc:1    | Killed an orc knight
 11333 | Orc:1    | Reached skill level 1 in Shields
 11441 | Orc:1    | Noticed a sixfirhy
 11444 | Orc:1    | Killed an orc high priest
 11546 | Orc:1    | Killed a necromancer
 11582 | Orc:1    | Offered knowledge of Hailstorm by Vehumet.
 11590 | D:10     | Learned a level 3 spell: Hailstorm
 11926 | Orc:1    | Reached **** piety under Vehumet
 12418 | Orc:1    | Noticed a two-headed ogre
 12419 | Orc:1    | Noticed an ogre mage
 12429 | Orc:1    | Noticed a two-headed ogre
 12430 | Orc:1    | Noticed a two-headed ogre
 12431 | Orc:1    | Noticed a two-headed ogre
 12431 | Orc:1    | Noticed a two-headed ogre
 12470 | Orc:1    | Killed a two-headed ogre
 12610 | Orc:1    | Offered knowledge of Sticky Flame by Vehumet.
 12617 | Orc:1    | Reached skill level 12 in Ice Magic
 12795 | Orc:1    | Killed a two-headed ogre
 12796 | Orc:1    | Reached XP level 12. HP: 77/91 MP: 8/23
 12883 | Orc:1    | Noticed a two-headed ogre
 12960 | Orc:1    | Killed a two-headed ogre
 12964 | Orc:1    | Killed a two-headed ogre
 12965 | Orc:1    | Reached skill level 5 in Shields
 12969 | Orc:1    | Killed a two-headed ogre
 12970 | Orc:1    | Killed an ogre mage
 12971 | Orc:1    | Killed a two-headed ogre
 13304 | Orc:2    | Entered Level 2 of the Orcish Mines
 13510 | Orc:2    | Found a staircase to the Elven Halls.
 13889 | Orc:2    | Found Ybiuf's General Store.
 13898 | Orc:2    | Bought a potion of brilliance for 40 gold pieces
 14007 | Orc:2    | Paralysed by an orc sorcerer for 2 turns
 14055 | Orc:2    | Reached ***** piety under Vehumet
 14109 | Orc:2    | Offered knowledge of Eringya's Noxious Bog by Vehumet.
 14568 | Orc:2    | Noticed a soul eater
 14672 | Orc:2    | Killed a soul eater
 14673 | Orc:2    | Reached skill level 5 in Conjurations
 14805 | Orc:2    | Found Jeocvu's General Store.
 14897 | Orc:2    | Found Lem Caexuyq's Magic Scroll Boutique.
 15061 | Orc:2    | Bought a scroll of identify for 28 gold pieces
 15061 | Orc:2    | Bought a scroll of vulnerability for 56 gold pieces
 15061 | Orc:2    | Bought a potion of heal wounds for 70 gold pieces
 15063 | Orc:2    | Bought a scroll of acquirement for 624 gold pieces
 15063 | Orc:2    | Identified the "Cithucunu" (You acquired it on level 2 of
                  | the Orcish Mines)
 15063 | Orc:2    | Acquired 763 gold pieces
 15114 | Orc:2    | Noticed a sun demon
 15414 | Orc:2    | Paralysed by an orc sorcerer for 2 turns
 15455 | Orc:2    | Killed a sun demon
 15456 | Orc:2    | Reached XP level 13. HP: 100/100 MP: 19/26
 15467 | Orc:2    | Reached skill level 13 in Ice Magic
 15749 | Orc:2    | Reached skill level 10 in Fighting
 16564 | Orc:2    | Found Jotum's Antique Armour Emporium.
 16564 | Orc:2    | Found Wieh Edu's Book Shoppe.
 16565 | Orc:2    | Found a one-way gate leading to the halls of Pandemonium.
 16569 | Orc:2    | Bought a book of Vapours for 312 gold pieces
 16575 | Orc:2    | Learned a level 5 spell: Freezing Cloud
 16954 | Lair:1   | Entered Level 1 of the Lair of Beasts
 17264 | Lair:1   | Reached skill level 1 in Air Magic
 18341 | Lair:2   | Offered knowledge of Flame Wave by Vehumet.
 18343 | Lair:2   | Found a hole to the Spider Nest.
 18874 | Lair:2   | Noticed an eleionoma
 18879 | Lair:2   | Killed an eleionoma
 18965 | Lair:2   | Found a staircase to the Swamp.
 19057 | Lair:2   | Found the +15 Maxwell's patent armour {-Cast -Tele rElec
                  | Will+ rCorr}
 19179 | Lair:2   | Reached skill level 10 in Spellcasting
 19179 | Lair:2   | Reached XP level 14. HP: 108/108 MP: 7/28
 19316 | Lair:2   | Noticed Maggie
 19320 | Lair:2   | Killed Maggie
 19459 | Lair:2   | Reached skill level 10 in Dodging
 19476 | Lair:2   | Found a runed translucent door.
 19476 | Lair:2   | Noticed Doj's ghost (journeyman TrSh)
 19492 | Lair:2   | Killed Doj's ghost
 20547 | Lair:3   | Reached skill level 14 in Ice Magic
 22125 | Lair:4   | Identified the +2 quarterstaff "Poivar" {heavy, rN+ SInv}
 22549 | Lair:4   | Found a staircase to the Slime Pits.
 22730 | Lair:4   | Offered knowledge of Irradiate by Vehumet.
 22953 | Lair:5   | Entered Level 5 of the Lair of Beasts
 25107 | Lair:5   | Reached XP level 15. HP: 50/117 MP: 15/29
 25296 | Lair:5   | Found a corrupted altar of Lugonu.
 25296 | Lair:5   | Found a one-way gate to the infinite horrors of the Abyss.
 25304 | Lair:5   | Reached skill level 15 in Ice Magic
 25827 | D:11     | Found a gate leading to a gauntlet.
 25834 | Gauntlet | Entered a Gauntlet
 25834 | Gauntlet | Found a transporter.
 25834 | Gauntlet | Found a transporter.
 25836 | Gauntlet | Found a transporter.
 25836 | Gauntlet | Found a transporter.
 25848 | Gauntlet | Found a transporter.
 25861 | Gauntlet | Found a transporter.
 25878 | Gauntlet | Found a transporter.
 25880 | Gauntlet | Found a transporter.
 25880 | Gauntlet | Found a transporter.
 25881 | Gauntlet | Found a transporter.
 25902 | Gauntlet | Found a transporter.
 25909 | Gauntlet | Found a transporter.
 25914 | Gauntlet | Noticed a balrug
 25918 | Gauntlet | Found a runed translucent gate.
 25919 | Gauntlet | Found a transporter.
 25919 | Gauntlet | Found a runed translucent gate.
 25920 | Gauntlet | Found a runed translucent gate.
 25923 | Gauntlet | Found a transporter.
 26172 | Gauntlet | Identified the ring "Biunuilumi" {Fly rCorr}
 26378 | Gauntlet | Found the +8 trishula "Condemnation" {holy, anguish, *Noise
                  | Fly rN+}
 26383 | Gauntlet | Identified the +7 chain mail "Gaetoohi" {Harm}
 26383 | Gauntlet | Identified the +9 morningstar of Okawaru's Pride {speed,
                  | rC+ Str+4}
 26546 | D:11     | Noticed Tollund's ghost (journeyman AtFi)
 26659 | D:11     | Noticed Fannar
 26671 | D:11     | Killed Fannar
 26873 | D:11     | Noticed Sonja
 26875 | D:11     | Killed Sonja
 27027 | D:11     | Offered knowledge of Ozocubu's Refrigeration by Vehumet.
 27036 | D:11     | Learned a level 7 spell: Ozocubu's Refrigeration
 27107 | D:11     | Identified the ring of Tinly {Fire Will+++ rCorr Str+3
                  | Int-2}
 27154 | D:11     | Noticed Urug
 27157 | D:11     | Killed Urug
 27432 | D:11     | Found a runed translucent door.
 27648 | D:11     | Noticed Maurice
 27651 | D:11     | Killed Maurice
 27846 | D:11     | Killed Tollund's ghost
 28159 | D:12     | Noticed mandarbmax's ghost (journeyman VSFi)
 28215 | D:12     | Found a runed translucent gate.
 28215 | D:12     | Found a runed translucent gate.
 28215 | D:12     | Found a runed translucent gate.
 28567 | D:12     | Noticed Kirke
 28569 | D:12     | Noticed a sphinx
 28569 | D:12     | Killed Kirke
 30284 | D:13     | Noticed Josephine
 30288 | D:13     | Killed Josephine
 30823 | D:13     | Noticed a frost giant
 31532 | D:14     | Learned a level 2 spell: Passwall
 32628 | D:14     | Found a gate to the Vaults.
 32703 | D:14     | Reached skill level 16 in Ice Magic
 33073 | D:15     | Entered Level 15 of the Dungeon
 33209 | D:15     | Found a staircase to the Depths.
 33231 | D:15     | Reached XP level 16. HP: 98/127 MP: 9/31
 33287 | D:15     | Found a flickering gateway to a bazaar.
 33291 | Bazaar   | Entered a bazaar
 33346 | Bazaar   | Found Yzyph's General Store.
 33347 | Bazaar   | Found Qaisch's Antique Weapon Shoppe.
 33356 | Bazaar   | Bought a +2 buckler of poison resistance for 203 gold
                  | pieces
 33403 | Bazaar   | Found Kiviepo's Distillery.
 33403 | Bazaar   | Found Obro's Distillery.
 33411 | Bazaar   | Bought a potion of curing for 21 gold pieces
 33411 | Bazaar   | Bought 2 potions of haste for 140 gold pieces
 33411 | Bazaar   | Bought a potion of curing for 21 gold pieces
 33411 | Bazaar   | Bought 2 potions of magic for 112 gold pieces
 33411 | Bazaar   | Bought a potion of resistance for 70 gold pieces
 33425 | Bazaar   | Bought a potion of curing for 30 gold pieces
 33425 | Bazaar   | Bought a potion of heal wounds for 50 gold pieces
 33474 | D:15     | Found an iron altar of Okawaru.
 33662 | D:15     | Identified the +3 long sword of the Thoughtful Allies
                  | {drain, Contam rPois Int+3}
 34655 | Vaults:2 | Identified the "Tuerosso"
 34655 | Vaults:5 | Identified the "Haezits"
 34655 | Vaults:5 | Identified the of Jalok
 34655 | Vaults:5 | Identified the of Gidaw
 34655 | Crypt:3  | Identified the "Ussyumas"
 34655 | Depths:3 | Identified the of Ehemm
 34655 | Elf:1    | Entered Level 1 of the Elven Halls
 35051 | Elf:1    | Offered knowledge of Yara's Violent Unravelling by Vehumet.
 35052 | Elf:1    | Reached skill level 10 in Conjurations
 35199 | Elf:1    | Paralysed by an air elemental for 1 turns
 36537 | Elf:1    | Reached skill level 1 in Polearms
 36537 | Elf:1    | Reached skill level 17 in Ice Magic
 38371 | Elf:1    | Reached XP level 17. HP: 102/135 MP: 20/33
 39008 | Elf:2    | Found Onlearghu's One-of-a-Kind Books.
 39082 | Elf:2    | Offered knowledge of Arcjolt by Vehumet.
 39093 | Elf:2    | Learned a level 9 spell: Polar Vortex
 39247 | Elf:2    | Found a large runed translucent door.
 39247 | Elf:2    | Found a large runed translucent door.
 39363 | Elf:2    | Found a large runed translucent door.
 39363 | Elf:2    | Found a large runed translucent door.
 39561 | Elf:2    | Reached skill level 5 in Polearms
 42568 | Swamp:1  | Entered Level 1 of the Swamp
 42625 | Swamp:1  | Identified the +9 scimitar "Taesk" {venom, *Corrode rF+++
                  | Str+5}
 42644 | Swamp:1  | Identified the +4 short sword of Brutal Revenge {drain,
                  | rElec}
 43463 | Swamp:1  | Found a runed translucent door.
 43465 | Swamp:1  | Noticed knightboat's ghost (adept KoEn)
 43466 | Swamp:1  | Identified the +9 spear of the Well-Known Planets {freeze,
                  | Dex+5}
 43707 | Swamp:1  | Offered knowledge of Conjure Ball Lightning by Vehumet.
 44162 | Swamp:1  | Identified the ring "Zyecsat" {AC+4 Int+3}
 44318 | Swamp:1  | Killed knightboat's ghost
 44505 | Swamp:2  | Reached skill level 18 in Ice Magic
 44505 | Swamp:2  | Reached XP level 18. HP: 144/144 MP: 27/34
 46615 | Swamp:3  | Noticed Mara
 46773 | Swamp:3  | Noticed serber55's illusion
 46773 | Swamp:3  | Killed Mara
 47538 | Swamp:4  | Entered Level 4 of the Swamp
 49424 | Swamp:4  | Found a runed translucent door.
 49427 | Swamp:4  | Noticed Sirjeffry24's ghost (adept AtFi)
 49608 | Swamp:4  | Got a decaying rune of Zot
 49869 | Spider:1 | Entered Level 1 of the Spider Nest
 49879 | Spider:1 | Reached skill level 19 in Ice Magic
 49883 | Lair:2   | Reached ****** piety under Vehumet
 50483 | Spider:1 | Reached XP level 19. HP: 123/151 MP: 7/36
 50782 | Spider:1 | You are sucked into a shaft and drop 1 floor!
 50913 | Spider:2 | Found a frozen archway.
 50921 | IceCv    | Entered an ice cave
 51666 | IceCv    | Reached skill level 15 in Fighting
 51845 | IceCv    | Noticed a shard shrike
 52543 | IceCv    | Identified the +3 plate armour "Vigasiwn" {rCorr Str-2
                  | Dex+4}
 52600 | IceCv    | Identified the +1 robe of Antique Curiosity {Harm}
 52723 | IceCv    | Killed a shard shrike
 53216 | Spider:1 | Offered knowledge of Fire Storm by Vehumet.
 53216 | Spider:1 | Offered knowledge of Shatter by Vehumet.
 53216 | Spider:1 | Offered knowledge of Chain Lightning by Vehumet.
 55743 | Orc:2    | Bought a scroll of blinking for 90 gold pieces
 55743 | Orc:2    | Bought a scroll of fear for 48 gold pieces
 55743 | Orc:2    | Bought a scroll of fear for 48 gold pieces
 56159 | Spider:3 | Reached skill level 20 in Ice Magic
 56373 | Spider:3 | Identified the +7 dire flail "Xupraca" {flame, Dex+3}
 57092 | Spider:3 | Acquired the amulet "Moyt" {Faith rF+ rN+ Will- Slay+4}
 57433 | Spider:4 | Entered Level 4 of the Spider Nest
 57765 | Spider:4 | Reached skill level 10 in Polearms
 57896 | Spider:4 | Reached XP level 20. HP: 160/160 MP: 4/38
 58673 | Spider:4 | Acquired the ring "Leuqusiv" {Contam rF+ rC+ rCorr Str+6}
 58698 | Spider:4 | Identified the +0 hat of the Orcish Mines {rElec rCorr
                  | Stlth-}
 58708 | Spider:4 | Got a gossamer rune of Zot
 59860 | Orc:2    | Bought a scroll of enchant armour for 90 gold pieces
 59860 | Orc:2    | Bought 2 scrolls of enchant armour for 180 gold pieces
 60086 | D:5      | Fell from the grace of Vehumet
 60086 | D:5      | Became a worshipper of the Shining One
 60326 | Elf:3    | Identified the "Roelon"
 60326 | Elf:3    | Identified the of Wikluf
 60326 | Elf:3    | Entered Level 3 of the Elven Halls
 61044 | Elf:3    | Reached * piety under the Shining One
 61399 | Elf:3    | Found Mude Vap's Armour Shoppe.
 61631 | Elf:3    | Reached skill level 1 in Invocations
 61985 | Elf:3    | Identified the ring of Makhleb's Benevolence {rElec MP+9
                  | Dex+5 Slay+2}
 62272 | Elf:3    | Reached skill level 15 in Dodging
 62311 | Elf:3    | Noticed a Tzitzimitl
 62493 | Elf:3    | Identified the +5 mace of Megheodd {antimagic, rElec}
 62493 | Elf:3    | Identified the amulet "Virotot" {Reflect *Corrode rElec
                  | Int+3 SH+5 SInv}
 62558 | Elf:3    | Reached ** piety under the Shining One
 62651 | Elf:3    | Identified the +1 lajatang "Hulk" {heavy, rPois}
 62736 | Elf:3    | Identified the staff "Raczimen" {rPois rC+ Int-4 Dex+3 Ice}
 62767 | Elf:3    | Learned a level 7 spell: Orb of Destruction
 63124 | Depths:1 | Entered Level 1 of the Depths
 63146 | Depths:1 | Found Daczuof's Magic Scroll Emporium.
 63457 | Depths:1 | Noticed a shard shrike
 63685 | Depths:1 | Reached *** piety under the Shining One
 64031 | Depths:1 | Noticed an iron giant
 64035 | Depths:1 | HP: 3/161 [frost giant/+1 battleaxe of freezing (23)]
 64035 | Depths:1 | Slain by a frost giant

Illustrated notes

Levels and vault maps discovered:
D:1:      minmay_arrival_stone_box, layout_loops_ring
D:2:      layout_rooms, basic_altar, serial_bayou_crossing
D:3:      layout_basic, chequers_hall_statues_wall_a, uniq_grinder, uniq_ijyb
D:4:      layout_loops_corners, serial_shops, nicolae_diamond_shop,
          kennysheep_generic_room_7
D:5:      layout_basic, grunt_temple_overflow_open, fedhas_ov_isle_minmay,
          jmf_multi_god_temple2, kennysheep_vampire_church,
          ebering_ghost_rock_garden, serial_co_window_serial, co_window_paths_a,
          co_window_paths_a, co_window_paths_b, co_window_corner_a,
          co_window_paths_a, co_window_of_opportunity_a, co_window_corner_a,
          co_window_unsneaky_path_e, co_window_corner_cb, co_window_4corner_b,
          glass_columns_b, glass_columns_c, glass_columns_b,
          nicolae_ossuary_entry_monument, minivault_25,
          chequers_serial_rivers_micro_c, chequers_serial_rivers_micro_b,
          uniq_blork_the_orc
D:6:      layout_basic, minmay_temple_entry_overgrown,
          nicolae_elevator_lobby_asterisk
D:7:      layout_basic, nicolae_grassy_gnolls
D:8:      layout_cave_pools, gammafunk_temple_overflow_wave, uniq_jeremiah
D:9:      layout_stronghold, roderic_roman_lattice
D:10:     layout_basic, mainiacjoe_overflow_cross_hatched, erik_lair_island,
          minivault_24, minivault_10, uniq_joseph
D:11:     layout_gridville, gauntlet_entry_generic, hellmonk_ghost_big_iron,
          hangedman_abyss_or_decor_lesser_grid, uniq_urug, uniq_maurice,
          uniq_sonja, uniq_fannar
D:12:     layout_loops_cross, gammafunk_ghost_split, david_defended_altar_orc,
          uniq_kirke
D:13:     nzn_winding_woodlands_medium [nzn_winding_woodlands_5x5_perimeter,
          nzn_winding_woodlands_5x15_zeroes,
          nzn_winding_woodlands_5x5_checkerboard,
          nzn_winding_woodlands_5x5_open_star,
          nzn_winding_woodlands_center_diamonds,
          nzn_winding_woodlands_5x5_cross,
          nzn_winding_woodlands_5x5_closed_star,
          nzn_winding_woodlands_5x15_jagged, nzn_winding_woodlands_5x5_default],
          layout_basic, uniq_josephine
D:14:     layout_basic, hangedman_vaults_entry_quadrant_bands,
          chequers_serial_rivers_micro_d
D:15:     gammafunk_depths_entry_grave, layout_loops_corners, serial_shops,
          bzr_in_the_mist, hangedman_decor_riveting, okawaru_trees_1
Lair:1:   layout_regular_city, dreamdust_gnoll_shepherd
Lair:2:   layout_regular_city, alex1729_swamp_entry_worm_eleionoma,
          nicolae_spider_entry_orb_guardian, gammafunk_ghost_grave,
          dreamdust_deal_with_the_devil, fungi_pond_lemuel,
          chequers_serial_rivers_micro_e, grunt_forest_stairs_clearing,
          uniq_maggie
Lair:3:   layout_hall_layers, st_stairs_8
Lair:4:   layout_cave_pods, dpeg_slime_entry_enclosed, grunt_megastairs_3,
          lemuel_fruit_fields
Lair:5:   hellmonk_lair_end_abyssal_woods, layout_gridlike, serial_bayou_shore_b
Swamp:1:  layout_basic_swamp, ebering_ghost_funeral_grove,
          evilmike_swamp_ruin_house_5
Swamp:2:  layout_basic_swamp, evilmike_swamp_ruin_house_2, grunt_witch_cave
Swamp:3:  layout_basic_swamp, nicolae_swamp_oxbows, swamp_pool_5, uniq_mara
Swamp:4:  swamp_basic_johnstein, layout_basic_swamp, ebering_ghost_inner_flame
Spider:1: layout_spider_delve
Spider:2: nicolae_spider_mines_3, portal_ice_cave_entry_pillars_three
Spider:3: layout_cave_pods
Spider:4: hellmonk_spider_rune_bug_friends
Orc:1:    dreamdust_under_siege, layout_diamond_mine
Orc:2:    pf_orc_diabolical, layout_caves, serial_shops,
          nicolae_shop_tiny_statue_garden, basic_altar, mines1_david
Elf:1:    layout_geoelf_octagon, special_room [special_room_orc], minivault_28
Elf:2:    elven_hall_of_blades_hangedman_alternative
          [nicolae_blade_entry_splitting_headache], layout_loops_ring,
          nicolae_rare_books
Elf:3:    minmay_elf_hall_furrowed, layout_rooms, serial_shops, shop
Depths:1: layout_cave_pools, serial_shops, shop, nicolae_inconvenience_store,
          abyss_entry, hell_entry, serial_bayou_pond_a,
          dilly_guarded_unrand_elemental_staff

Skill      XL: |  1  2  3  4  5  6  7  8  9 10 11 12 13 14 15 16 17 18 19 20 |
---------------+-------------------------------------------------------------+-----
Fighting       | 1 2 3 4 5 7 8 9 10 11 12 13 14 15 16 | 16.1
Ice Magic      | 5 6 8 9 11 12 13 14 16 17 18 19 20 | 20.9
Dodging        | 3 4 5 6 7 8 9 10 11 12 13 14 15 | 15.2
Spellcasting   | 3 4 5 6 7 9 10 11 12 13 14 | 14.7
Conjurations   | 3 4 5 7 8 9 10 11 | 11.0
Shields        | 4 5 |  5.0
Air Magic      | 3 |  3.0
Polearms       | 3 7 8 10 | 10.5
Invocations    | 2 |  2.4
Stealth        | |  2.6

Action                     |  1- 3 |  4- 6 |  7- 9 | 10-12 | 13-15 | 16-18 | 19-21 || total
---------------------------+-------+-------+-------+-------+-------+-------+-------++-------
  Melee: Unarmed           |     7 |       |       |       |       |       |       ||     7
         Constrict         |    11 |    11 |    45 |    23 |    31 |    17 |    33 ||   171
         Tentacles         |     5 |    10 |    44 |    34 |    46 |    27 |    92 ||   258
         Dagger            |    33 |    46 |   192 |   140 |    93 |       |       ||   504
         Spear             |     7 |       |       |       |       |       |       ||     7
         Punch             |       |     1 |     3 |     5 |     6 |       |    11 ||    26
         Trishula          |       |       |       |       |    54 |   142 |   338 ||   534
         Morningstar       |       |       |       |       |    45 |       |       ||    45
  Throw: Dart              |       |     1 |       |    23 |     4 |     1 |     2 ||    31
   Cast: Freeze            |    13 |     9 |       |       |       |       |       ||    22
         Frozen Ramparts   |     2 |     9 |    43 |    63 |    24 |     1 |     1 ||   143
         Ozocubu's Armour  |       |     3 |    28 |    54 |    45 |    22 |    19 ||   171
         Summon Ice Beast  |       |       |     2 |    13 |     3 |       |       ||    18
         Momentum Strike   |       |       |     1 |    33 |    23 |       |       ||    57
         Searing Ray       |       |       |       |    59 |    28 |     2 |     1 ||    90
         Hailstorm         |       |       |       |    19 |    38 |     3 |     1 ||    61
         Freezing Cloud    |       |       |       |       |   211 |    67 |    20 ||   298
         Ozocubu's Refrige |       |       |       |       |    58 |   373 |   276 ||   707
  Evoke: Wand              |       |     1 |     9 |    12 |     1 |     4 |     1 ||    28
    Use: Scroll            |       |     8 |    12 |     6 |    11 |     4 |    10 ||    51
         Potion            |       |     1 |     3 |     5 |     5 |     3 |     5 ||    22
   Stab: Sleeping          |    13 |     9 |    10 |     1 |     4 |       |     1 ||    38
         Distracted        |       |       |     1 |       |       |       |       ||     1
         Invisible         |       |       |       |       |       |       |     1 ||     1
 Armour: Skin              |    19 |    18 |   107 |   169 |   206 |   156 |   246 ||   921
  Dodge: Dodged            |    29 |    22 |   125 |   156 |   184 |   100 |   167 ||   783
  Block: Other             |       |       |       |     7 |       |       |       ||     7
         Reflection        |       |       |       |     3 |     7 |     7 |     4 ||    21
         Buckler           |       |       |       |    55 |   161 |    78 |   121 ||   415

Table legend: (Time is in decaauts)
 A = Elapsed time spent in this place.
 B = Non-inter-level travel time spent in this place.
 C = Inter-level travel time spent in this place.
 D = Time resting spent in this place.
 E = Time spent auto-exploring this place.
 F = Levels seen in this place.
 G = Mean time per level.
                   A        B        C        D        E       F      G
               +--------+--------+--------+--------+--------+-----+--------+
         Total |  64236 |  60553 |   3683 |  27461 |  24377 |  38 | 1690.4 |
       Dungeon |  19472 |  18034 |   1438 |   5117 |  10529 |  15 | 1298.1 |
          Lair |   9754 |   9064 |    690 |   3833 |   4252 |   5 | 1950.8 |
         Swamp |   7262 |   6996 |    266 |   3948 |   2363 |   4 | 1815.5 |
   Spider Nest |   6762 |   6399 |    363 |   2591 |   2959 |   4 | 1690.5 |
  Orcish Mines |   5918 |   5293 |    625 |   3065 |    905 |   2 | 2959.0 |
   Elven Halls |  10441 |  10143 |    298 |   6548 |   2329 |   3 | 3480.3 |
        Depths |    901 |    901 |      0 |    342 |    419 |   1 |  901.0 |
        Bazaar |    144 |    144 |      0 |     39 |     78 |   1 |  144.0 |
       Ossuary |    964 |    964 |      0 |    557 |      0 |   1 |  964.0 |
      Ice Cave |   1993 |   1993 |      0 |   1181 |    436 |   1 | 1993.0 |
      Gauntlet |    619 |    619 |      0 |    236 |    107 |   1 |  619.0 |
               +--------+--------+--------+--------+--------+-----+--------+

Top non-repeatable levels by time:
   Elf:1: 4651 daAuts
   Elf:2: 4247 daAuts
   Orc:2: 3260 daAuts
   Orc:1: 2658 daAuts
  Lair:5: 2600 daAuts
  Lair:2: 2498 daAuts
 Swamp:4: 2198 daAuts
    D:10: 2197 daAuts
Spider:4: 2122 daAuts
    D:14: 2104 daAuts
Spider:2: 2061 daAuts
 Swamp:1: 2025 daAuts
   IceCv: 1993 daAuts
  Lair:4: 1719 daAuts
    D:11: 1676 daAuts
